 Dungeon Crawl Stone Soup version 0.23-a0-164-g7711e57 (webtiles) character file.

830 grindst0ne the Archer (level 7, 0/61 HPs)
             Began as a Centaur Hunter on Sept 9, 2018.
             Was a Follower of Okawaru.
             Slain by a scorpion (5 damage)
             ... on level 6 of the Dungeon.
             The game lasted 00:13:37 (6388 turns).

grindst0ne the Archer (Centaur Hunter)              Turns: 6388, Time: 00:13:38

Health: 0/61       AC:  4    Str: 14    XL:     7   Next: 65%
Magic:  7/7        EV:  9    Int: 10    God:    Okawaru [*.....]
Gold:   230        SH:  0    Dex: 12    Spells: 6/6 levels left

rFire    . . .     SeeInvis .   b - +0 short sword
rCold    . . .     Gourm    .   (no shield)
rNeg     . . .     Faith    .   c - +0 leather armour
rPois    +         Spirit   .   (no helmet)
rElec    .         Reflect  .   (no cloak)
rCorr    +         Harm     .   (no gloves)
MR       .....                  (no barding)
Stlth    +.........             (no amulet)
HPRegen  0.20/turn              h - ring of poison resistance
MPRegen  0.10/turn              u - ring of resist corrosion

@: lethally poisoned (0 -> -2), very quick
A: large, hooves 3, deformed body, speed 2, tough skin 3
a: Heroism, Renounce Religion


You were on level 6 of the Dungeon.
You worshipped Okawaru.
Okawaru was aware of your devotion.
You were not hungry.

You visited 2 branches of the dungeon, and saw 7 of its levels.

You collected 230 gold pieces.

Inventory:

Hand Weapons
 a - a +1 shortbow
 b - a +0 short sword (weapon)
Missiles
 d - 12 arrows
 x - 11 tomahawks (quivered)
Armour
 c - a +0 leather armour (worn)
Jewellery
 h - a ring of poison resistance (left hand)
 i - an uncursed ring of flight
 u - a ring of resist corrosion (right hand)
 D - a +2 ring of intelligence {unknown}
Wands
 y - a wand of digging (27)
Scrolls
 g - 2 scrolls of teleportation
 j - a scroll of fear {unknown}
 k - 3 scrolls of remove curse
 p - a scroll of fog {unknown}
 q - a scroll of blinking {unknown}
 s - a scroll of noise {unknown}
 v - 2 scrolls of enchant weapon {unknown}
 z - a scroll of amnesia {unknown}
 A - 2 scrolls of random uselessness {unknown}
Potions
 e - 2 potions of ambrosia
 l - 3 potions of curing
 m - a potion of flight {unknown}
 n - a potion of berserk rage {unknown}
 o - 3 potions of brilliance
 r - 2 potions of mutation
 t - 2 potions of haste
 w - 2 potions of agility
 B - a potion of heal wounds
Comestibles
 f - 10 rations


   Skills:
 + Level 5.3 Fighting
 + Level 10.5 Bows
 - Level 1.3 Dodging
 - Level 0.4 Stealth


You had 6 spell levels left.
You didn't know any spells.
Your spell library contained the following spells:

 Spells                   Type           Power        Failure   Level  Hunger
 Animate Skeleton         Necr           N/A          43%         1    ##.....
 Apportation              Tloc           #.....       43%         1    ##.....
 Beastly Appendage        Tmut           #.....       43%         1    ##.....
 Confusing Touch          Hex            #.....       43%         1    ##.....
 Corona                   Hex            #......      43%         1    ##.....
 Summon Small Mammal      Summ           #...         43%         1    ##.....
 Ensorcelled Hibernation  Hex/Ice        #.....       58%         2    ###....
 Sticks to Snakes         Tmut           #.......     58%         2    ###....
 Confuse                  Hex            #.......     82%         3    ####...
 Dazzling Spray           Conj/Hex       #.....       82%         3    ####...
 Spider Form              Tmut/Pois      #.........   82%         3    ####...
 Tukima's Dance           Hex            #.......     82%         3    ####...
 Ice Form                 Ice/Tmut       #.......     99%         4    #####..
 Blade Hands              Tmut           #.........   100%        5    ######.


Dungeon Overview and Level Annotations

Branches:
Dungeon (6/15)             Temple (1/1) D:4

Altars:
Ashenzari
Cheibriados
Dithmenos
Elyvilon
Fedhas
Gozag
Hepliaklqana
Kikubaaqudgha
Makhleb
Nemelex Xobeh
Okawaru
Qazlal
Ru
Sif Muna
Trog
Uskayaw
Vehumet
Xom
Yredelemnul
Zin
The Shining One

Shops:
D:4 (   D:6 }


Innate Abilities, Weirdness & Mutations

You have hooves in place of feet.
Armour fits poorly on your strangely shaped body.
You cover ground very quickly.
You have extremely tough skin. (AC +3)


Message History

You kick the scorpion, but do no damage.
The scorpion is severely wounded.
The scorpion stings you.
You are poisoned.
The scorpion poisons you! The scorpion stings you.
You closely miss the scorpion.
The scorpion is severely wounded.
You feel sick. The scorpion completely misses you.
You hit the scorpion.
The scorpion is almost dead.
You feel sick. The scorpion stings you.
* * * LOW HITPOINT WARNING * * *
You closely miss the scorpion.
The scorpion is almost dead.
The scorpion stings you!
* * * LOW HITPOINT WARNING * * *
You hit the scorpion but do no damage.
The scorpion is almost dead.
You feel sick. The scorpion stings you.
You die...

###### #....# #....#
#....# #....##########
...#####....##.......#
((........>.s@..(....#
(..###.#....##.......#
#.#....##.......#
#.#.[..##.......#
#.#....##.......#
#.#....###)######
#.########.# #...
#.....# #..# #.#####


You could see a scorpion.

Vanquished Creatures
  A water moccasin (D:5)
  An ogre (D:5)
  A bullfrog (D:6)
  A scorpion (D:4)
  A howler monkey (D:4)
  A crimson imp (D:5)
  2 orc priests
  A bullfrog skeleton (D:5)
  A hound (D:5)
  2 orc wizards (D:4)
  3 worker ants
  A hound skeleton (D:5)
  4 gnolls (D:3)
  4 adders
  An adder skeleton (D:4)
  4 worms
  2 dart slugs (D:1)
  6 orcs
  8 bats
  8 giant cockroaches
  9 goblins
  9 hobgoblins
  4 jackals (D:2)
  12 kobolds
  3 quokkas
  2 frilled lizards
  A jackal skeleton (D:4)
  A jackal zombie (D:5)
  A leopard gecko skeleton (D:4)
  4 rats
99 creatures vanquished.

Notes
Turn   | Place    | Note
-------+----------+-------------------------------------------
     0 | D:1      | grindst0ne the Centaur Hunter began the quest for the Orb.
     0 | D:1      | Reached XP level 1. HP: 17/17 MP: 1/1
   148 | D:1      | Reached XP level 2. HP: 17/24 MP: 2/2
   150 | D:1      | Reached skill level 6 in Bows
   554 | D:1      | Reached XP level 3. HP: 29/29 MP: 3/3
  1126 | D:2      | Reached skill level 7 in Bows
  1511 | D:2      | Reached XP level 4. HP: 32/36 MP: 4/4
  1957 | D:3      | Reached skill level 8 in Bows
  2737 | D:3      | Reached XP level 5. HP: 36/41 MP: 5/5
  3822 | D:4      | Found a staircase to the Ecumenical Temple.
  3897 | Temple   | Entered the Ecumenical Temple
  3969 | Temple   | Became a worshipper of Warmaster Okawaru
  4165 | D:4      | Reached skill level 9 in Bows
  4165 | D:4      | Reached XP level 6. HP: 45/51 MP: 6/6
  4843 | D:4      | Found Bopser's Antique Weapon Boutique.
  5277 | D:5      | Entered Level 5 of the Dungeon
  5717 | D:5      | Noticed a water moccasin
  5776 | D:5      | Killed a water moccasin
  5776 | D:5      | Reached * piety under Okawaru
  5776 | D:5      | Reached XP level 7. HP: 52/60 MP: 7/7
  5920 | D:5      | Reached skill level 10 in Bows
  6092 | D:5      | Reached skill level 5 in Fighting
  6252 | D:6      | Found Qougu's Gadget Emporium.
  6388 | D:6      | Slain by a scorpion

Vault maps used:
D:1:      lightli_arrival_maybe_door_vault
D:3:      first_ration, minmay_misc_feat_nine_boxes
D:4:      minmay_temple_entry_glass, kennysheep_small_square
D:6:      serial_shops, nicolae_shop_trees, kennysheep_minor_cross
Temple:   compressed_dpeg_triangle_lava_temple

Skill      XL: |  1  2  3  4  5  6  7 |
---------------+----------------------+-----
Bows           | 6 7 8 9 10 | 10.5
Fighting       | 3 4 5 |  5.3
Dodging        | |  1.3
Stealth        | |  0.4

Action                   |  1- 3 |  4- 6 |  7- 9 || total
-------------------------+-------+-------+-------++-------
Melee: Short sword       |    12 |   175 |    63 ||   250
       Kick              |     2 |    36 |    16 ||    54
 Fire: Shortbow          |   135 |    91 |    11 ||   237
Throw: Throwing net      |       |     1 |       ||     1
       Tomahawk          |       |    14 |    10 ||    24
  Use: Scroll            |     2 |     8 |     1 ||    11
       Potion            |       |     3 |       ||     3
  Eat: Chunk             |     1 |     8 |     1 ||    10
       Ration            |       |     1 |       ||     1
Armor: Leather armour    |    24 |    56 |    14 ||    94
Dodge: Dodged            |    27 |   107 |    35 ||   169

Table legend:
 A = Non-vault XP
 B = Vault XP
 C = Vault XP percentage of total XP
 D = Non-vault monster count
 E = Vault monster count
 F = Vault count percentage of total count
                 A         B        C        D         E       F
            +---------+---------+-------+---------+---------+-------
      Total |    1186 |       0 |   0.0 |      99 |       0 |   0.0
            +---------+---------+-------+---------+---------+-------
        D:1 |      49 |       0 |   0.0 |      26 |       0 |   0.0
        D:2 |      51 |       0 |   0.0 |      18 |       0 |   0.0
        D:3 |     146 |       0 |   0.0 |      26 |       0 |   0.0
        D:4 |     332 |       0 |   0.0 |      17 |       0 |   0.0
        D:5 |     512 |       0 |   0.0 |      11 |       0 |   0.0
        D:6 |      96 |       0 |   0.0 |       1 |       0 |   0.0
            +---------+---------+-------+---------+---------+-------
